[Event "*** Titled Tuesday Blitz"]
[Site "Chess.com"]
[Date "2020.12.01"]
[Round "3"]
[White "Malev212"]
[Black "kuban1991"]
[Result "0-1"]
[WhiteElo "2536"]
[BlackElo "2817"]
[TimeControl "180+1"]
[EndTime "10:29:24 PST"]
[Termination "kuban1991 won by resignation"]

1. e4 e6 2. d4 d5 3. Nc3 Bb4 4. Ne2 dxe4 5. a3 Bxc3+ 6. Nxc3 Nc6 7. Bb5 Ne7 8. Nxe4 O-O 9. c3 e5 10. Bxc6 Nxc6 11. d5 Ne7 12. c4 Bf5 13. Nc3 Ng6 14. O-O Qh4 15. Qe2 Rfe8 16. g3 Qh3 17. f3 c6 18. Be3 cxd5 19. cxd5 a6 20. Rad1 e4 21. Nxe4 Bxe4 22. fxe4 Rxe4 23. Qf3 Re7 24. Bd4 Qd7 25. Bc3 Rae8 26. Rd2 f6 27. Qf5 Qxf5 28. Rxf5 Rd7 29. Kf2 Ne7 30. Rh5 g6 31. Rh4 Nxd5 32. Rhd4 Red8 33.
a4 Kf7 34. Ba5 b6 35. Bb4 a5 36. Ba3 f5 37. b3 Ke6 38. Re2+ Kf7 39. Red2 Nf6 40. Rxd7+ Rxd7 41. Rxd7+ Nxd7 42. Ke3 Nc5 43. b4 axb4 44. Bxb4 Nxa4 45. Kd4 Ke6 46. h3 g5 47. Kc4 Ke5 48. Bd2 g4 49. hxg4 fxg4 50. Kb5 Nb2 51. Bf4+ Ke4 52. Kxb6 Nd3 53. Bd6 Kf3 54. Kc6 Nf2 55.
Kd7 Ne4 56. Be5 Nxg3 57. Ke6 h5 58. Kf6 h4 0-1

[Event "*** Titled Tuesday Blitz"]
[Site "Chess.com"]
[Date "2020.12.01"]
[Round "3"]
[White "javirec"]
[Black "tvjosue"]
[Result "1/2-1/2"]
[WhiteElo "2381"]
[BlackElo "2573"]
[TimeControl "180+1"]
[EndTime "10:29:24 PST"]
[Termination "Game drawn by repetition"]

1. e4 c5 2. Nf3 Nc6 3. d4 cxd4 4. Nxd4 Nf6 5. Nc3 e5 6. Ndb5 d6 7. Nd5 Nxd5 8. exd5 Nb8 9. c4 a6 10. Qa4 Nd7 11. Qa3 Nb6 12. Nc3 Bf5 13. Be3 Nd7 14. Rc1 Be7 15. Be2 O-O 16. O-O Bg6 17. b4 f5 18. f4 a5 19. b5 b6 20. Na4 e4 21.
Bd4 Bf6 22. Qe3 Bxd4 23. Qxd4 Qc7 24. Rfd1 Rac8 25. Kf2 Rfe8 26. Ke3 Qd8 27. g3 Nc5 28. Nxc5 Rxc5 29. Rc3 Qe7 30. a4 h5 31. h4 Rec8 32. Rdc1 Bf7 33. R1c2 Qc7 34. Kd2 Kh7 35. Bf1 Kh6 36. Be2 Qb7 37. Ke3 Qc7 38. Kd2 Qe7 39. Ke3 R8c7 40. Bf1 Qd8 41. Be2 Qc8 42. Kd2 Qd8 43. Ke3 Qg8 44. Bf1 Qc8 45. Kd2 Qd8 46.
Ke3 Qf6 47. Be2 Be8 48. Qxf6+ gxf6 49. Kd4 Rg7 50. Re3 Rgc7 51. Rcc3 Bf7 52. Bf1 Kg6 53.
Be2 Rc8 54. Bf1 Be8 55. Bh3 Bd7 56. Bf1 R8c7 57. Be2 Rc8 58. Bf1 Rg8 59. Be2 Kh6 60. Bf1 Rcc8 61. Be2 Rg7 62. Bf1 Rcg8 63. Be2 Rf8 64.
Bf1 Rfg8 65. Be2 Rf8 66. Bf1 Rc8 67. Be2 Rcg8 68. Bf1 Rc8 69. Be2 Rcg8 70. Bf1 Rc8 1/2-1/2

[Event "*** Titled Tuesday Blitz"]
[Site "Chess.com"]
[Date "2020.12.01"]
[Round "3"]
[White "Chessdreamer2020"]
[Black "j_coca"]
[Result "0-1"]
[WhiteElo "2526"]
[BlackElo "2355"]
[TimeControl "180+1"]
[EndTime "10:29:24 PST"]
[Termination "j_coca won on time"]

1. e4 Nf6 2. Nc3 d5 3. e5 d4 4.
exf6 dxc3 5. fxg7 cxd2+ 6. Qxd2 Qxd2+ 7. Bxd2 Bxg7 8. O-O-O Nc6 9. Ne2 Bd7 10. Bc3 e5 11. Ng3 O-O-O 12. Bd3 h5 13. h4 f6 14. Bg6 Rh6 15. Bd2 Rxg6 16. Nxh5 Bh8 17. Ng3 Nd4 18. h5 Rgg8 19. h6 Bg4 20. Rde1 Bd7 21. Rh5 Bc6 22. c3 Ne6 23. Rh2 Nc5 24. Kc2 Nd3 25. Re2 Bb5 26. b3 Nf4 27. Re1 Bd3+ 28. Kc1 Bh7 29. Bxf4 exf4 30.
Ne2 Rge8 31. Rhh1 Re4 32. Nd4 f5 33. Ne6 Rd3 34. c4 f3 35. gxf3 Rxf3 36. Ng5 Rxf2 37. Rxe4 fxe4 38. Nxh7 e3 39. Ng5 Bb2+ 40. Kb1 Bc3 41. h7 e2 42. h8=Q+ Bxh8 43. Rxh8+ Kd7 44. Rh7+ Ke8 45. Rh8+ Ke7 46. Rh7+ Kf8 47. Rh8+ Kg7 48. Re8 Rf1+ 49. Kb2 e1=Q 50. Rxe1 Rxe1 51. Nf3 Re4 52. Nd2 Re2 53. Kc3 Kf6 54. Kd3 Rh2 55. a4 Ke7 56. Ne4 a5 57. c5 Rh3+ 58. Kc4 Rh4 59. Kd5 c6+ 60. Kd4 Ke6 61. Kd3 Kd5 62. Nd6 Rh3+ 63. Kc2 Rh7 0-1

[Event "*** Titled Tuesday Blitz"]
[Site "Chess.com"]
[Date "2020.12.01"]
[Round "3"]
[White "Aborigen_came"]
[Black "PowerThinking2650"]
[Result "0-1"]
[WhiteElo "2734"]
[BlackElo "2450"]
[TimeControl "180+1"]
[EndTime "10:29:26 PST"]
[Termination "PowerThinking2650 won on time"]

1. Nc3 e5 2. Nf3 Nc6 3. d4 exd4 4. Nxd4 Nf6 5. Bg5 Be7 6. Nf5 O-O 7. Nxe7+ Qxe7 8.
Nd5 Qe5 9. Bxf6 gxf6 10. e3 Ne7 11. Nxe7+ Qxe7 12. Bd3 Qb4+ 13. c3 Qh4 14. g3 Qh6 15. Qg4+ Kh8 16. O-O-O d5 17. Bf5 c6 18. Rd4 Qg5 19.
Bxc8 Raxc8 20. Qf3 Rcd8 21. Rf4 Rd6 22. Rf5 Qg6 23.
h4 Re8 24. h5 Qh6 25. Rh4 Kg7 26. Rg4+ Kf8 27. Rgf4 Ree6 28. g4 Ke8 29. a4 a5 30. b4 axb4 31. Rxb4 Rd7 32. Rbf4 Rdd6 33. a5 Qg7 34. Kb2 h6 35. Rb4 Rd7 36. Rbf4 Ke7 37.
Rb4 Qh8 38. Qf4 Qa8 39. Qxh6 Qxa5 40. Qf4 Qa6 41. Qd4 Qe2+ 42. Ka3 b5 43. Qc5+ Ke8 44. Qb6 Qc2 45. Rb3 Qc1+ 46. Ka2 Qc2+ 47. Rb2 Qa4+ 48.
Kb1 Qxg4 49. Rf4 Qxh5 50. Ka2 Ke7 51. Qb8 Qe5 52. Qb6 Qd6 53. Rb3 Qc7 54. Qc5+ Qd6 55.
Qb6 Re5 56. Ra3 Re4 57. Ra6 Rxf4 58. exf4 Rc7 59. Qd4 Ke6 60. Qe3+ Kf5 61. Ra8 Qxf4 62. Qh3+ Ke4 0-1

[Event "*** Titled Tuesday Blitz"]
[Site "Chess.com"]
[Date "2020.12.01"]
[Round "3"]
[White "ChelsieMonica"]
[Black "AliKa2810"]
[Result "0-1"]
[WhiteElo "2375"]
[BlackElo "2589"]
[TimeControl "180+1"]
[EndTime "10:29:27 PST"]
[Termination "AliKa2810 won by resignation"]

1. c4 Nf6 2. Nf3 c6 3. g3 d5 4. cxd5 cxd5 5. Bg2 Nc6 6. O-O Bf5 7. d4 e6 8. Nc3 Bd6 9. a3 h6 10. h3 O-O 11. Be3 Rc8 12. Rc1 Ne4 13. Nxe4 Bxe4 14.
Nd2 Bxg2 15. Kxg2 f5 16. Nf3 f4 17. Bd2 Qf6 18. e3 fxg3 19. fxg3 Qg6 20. Qe1 Ne7 21. Rxc8 Rxc8 22. Bc3 Bxa3 23. bxa3 Qc2+ 24. Bd2 Qe4 25. Kh2 Rc2 26. Rf2 Nf5 27. g4 Nd6 28. Ne5 Rb2 29.
Bb4 Rb1 30. Qxb1 Qxb1 31. Bxd6 Qe1 32. Rf3 a5 33. Kg2 b5 34. Ng6 Qb1 35. Ne5 b4 36. axb4 axb4 37. Rf8+ Kh7 38. h4 Qe4+ 39. Kf2 g5 40. h5 b3 41. Rf7+ Kg8 42. Rf8+ Kg7 43. Rf7+ Kg8 44. Rb7 Qc2+ 45. Kg3 b2 46. Rb8+ Kg7 47.
Rb7+ Kg8 48. Rb8+ Kg7 49. Rb6 b1=Q 50. Rxb1 Qxb1 51. Nf3 Qd3 52. Be5+ Kg8 53. Kf2 Qe4 54. Nh2 Kf7 55. Ke2 Qg2+ 56. Kd3 Ke7 57. Kc3 Kd7 58. Kd3 Kc6 59. Kc3 Kb5 60. Kb3 Qe2 61. Kc3 Ka4 62.
Bd6 Qxe3+ 63. Kc2 Qxd4 64. Nf3 Qe4+ 0-1

[Event "*** Titled Tuesday Blitz"]
[Site "Chess.com"]
[Date "2020.12.01"]
[Round "3"]
[White "FelixBlohberger"]
[Black "GigaQuparadze"]
[Result "0-1"]
[WhiteElo "2631"]
[BlackElo "2915"]
[TimeControl "180+1"]
[EndTime "10:29:29 PST"]
[Termination "GigaQuparadze won by resignation"]

1. d4 Nf6 2. c4 e6 3. Nc3 Bb4 4. e3 O-O 5. Bd3 d5 6. cxd5 exd5 7. Ne2 c6 8. Bd2 Re8 9. Rc1 Bd6 10. O-O Bxh2+ 11.
Kxh2 Ng4+ 12. Kg3 Qg5 13. f4 Qe7 14. Nxd5 cxd5 15. Rxc8 Rxc8 16. Kxg4 Nd7 17. Kf3 Nf6 18. g4 Ne4 19. Ng3 Re8 20. Bxe4 dxe4+ 21. Kg2 Qe6 22.
a3 Rac8 23. Bc3 Qd5 24. Rh1 g6 25. g5 f5 26. gxf6 Rc6 27. f7+ Qxf7 28. d5 Rc4 29.
d6 Rd8 30. Be5 Rdc8 31. Ne2 Qe6 32. Nc3 Qf7 33. Qg4 Rd8 34. Kg3 b5 35. Nxb5 Rc2 36.
Nc3 Qf5 37. Nxe4 Rg2+ 38. Kxg2 Qxg4+ 39. Kf2 Rf8 40. Nf6+ Rxf6 41. Bxf6 Qe6 42. Be5 Qd5 43. Re1 Qd2+ 44. Re2 Qd1 45. b4 Kf7 46. b5 Ke6 47. a4 Qxa4 48. Rd2 Kd7 49. Rb2 Qc4 50. b6 axb6 51.
Rxb6 Qe4 52. Ra6 Qc2+ 53. Kf3 Qd1+ 54. Kf2 Qd2+ 55. Kf3 Qd1+ 56. Kf2 Ke6 57. Ra7 Kf5 58. Re7 Kg4 59. d7 Qd2+ 60. Kg1 Kf3 0-1

[Event "*** Titled Tuesday Blitz"]
[Site "Chess.com"]
[Date "2020.12.01"]
[Round "3"]
[White "A-S-00"]
[Black "RamyresCoelho"]
[Result "1-0"]
[WhiteElo "2312"]
[BlackElo "2090"]
[TimeControl "180+1"]
[EndTime "10:29:29 PST"]
[Termination "A-S-00 won by resignation"]

1. e4 c5 2. Nf3 d6 3. d4 cxd4 4. Nxd4 Nf6 5. Nc3 a6 6. g3 e5 7. Nb3 h5 8. Bg2 h4 9. Bg5 hxg3 10. hxg3 Rxh1+ 11. Bxh1 Be7 12. Qd2 Be6 13. O-O-O Nc6 14.
Bxf6 Bxf6 15. Qxd6 Bg5+ 16. Kb1 Qxd6 17. Rxd6 Ke7 18.
Rd1 Rh8 19. Nc5 Nd4 20. Nxb7 Rh2 21. Nd5+ Kf8 22. c3 Nc6 23. f4 exf4 24. gxf4 Bh4 25. f5 Bc8 26. Nd6 Bd7 27. Nc4 Nb8 28. Nb4 Bb5 29.
Ne3 Be2 30. Rc1 Bg5 31. Nbd5 Bd3+ 32. Ka1 Re2 33. Bf3 Rxe3 34. Nxe3 Bxe3 35. Rd1 Bb5 36.
Rd8+ Ke7 37. Rxb8 Bf4 38. Rb7+ Kf6 39. b3 Be5 40. Kb2 Kg5 41. Rxf7 Bf1 42. a4 Kf4 43. Bh1 Ke3 44. b4 Kd2 45. Rd7+ Ke3 46. b5 axb5 47. axb5 Bxb5 48. Rd5 Bf6 49. Rxb5 Kd3 50.
Rd5+ Kc4 51. Rd7 g6 52. fxg6 Bxc3+ 53. Kc2 Bf6 54. g7 Bxg7 55. Rxg7 Kc5 56. Rg5+ Kc6 57.
Kd3 Kd7 58. e5 Ke8 59. Ke4 Kf7 60. Kf5 Ke7 61. e6 Kf8 62. Kf6 1-0

[Event "*** Titled Tuesday Blitz"]
[Site "Chess.com"]
[Date "2020.12.01"]
[Round "3"]
[White "AvitalBor"]
[Black "Aleksandar-Topalov"]
[Result "1-0"]
[WhiteElo "2678"]
[BlackElo "2411"]
[TimeControl "180+1"]
[EndTime "10:29:30 PST"]
[Termination "AvitalBor won on time"]

1. Nf3 Nf6 2. c4 c5 3. Nc3 Nc6 4. e3 g6 5. d4 Bg7 6. d5 Na5 7.
Be2 d6 8. O-O O-O 9. h3 a6 10.
e4 Rb8 11. Nd2 Bd7 12. a4 e6 13. Ra3 exd5 14. exd5 Bf5 15. Nb3 Re8 16. Bf4 Nxb3 17. Rxb3 b6 18. Qd2 h5 19. Bf3 Qd7 20. Re1 Rxe1+ 21.
Qxe1 Re8 22. Qd2 Qc7 23. Bg3 Nd7 24. Nd1 Ne5 25. Be2 Bd7 26. Ra3 f5 27. Bf4 Bc8 28. a5 Nf7 29. Re3 Rxe3 30. Qxe3 bxa5 31. Qe8+ Bf8 32.
Nc3 Qd7 33. Qe3 Qe7 34. Qxe7 Bxe7 35. Na4 Bd7 36. Nb6 Be8 37. Nc8 Kf8 38. Bd1 Bd7 39. Nxe7 Kxe7 40. b3 Kf6 41. Bd2 a4 42. bxa4 Ne5 43.
Bc3 Kf7 44. Bb3 Nd3 45. Kf1 Nb4 46. Ke2 a5 47. Ke3 Be8 48. h4 Bd7 49. Bd1 Be8 50. f3 Bd7 51. Kf4 Bc8 52. Kg5 Bd7 53. Bb3 Bc8 54.
Kf4 Bd7 55. Ke3 Be8 56. Be1 Bd7 57. Bg3 Ke7 58. Bf4 Bc8 59. Bg3 Bd7 60. Kf4 Nd3+ 61.
Kg5 Kf7 62. Bxd6 Nb2 63. Bxc5 Nxa4 64. Bd4 Be8 65. c5 1-0

[Event "*** Titled Tuesday Blitz"]
[Site "Chess.com"]
[Date "2020.12.01"]
[Round "3"]
[White "themind1hunter"]
[Black "alexsuper1987"]
[Result "1/2-1/2"]
[WhiteElo "2411"]
[BlackElo "2249"]
[TimeControl "180+1"]
[EndTime "10:29:30 PST"]
[Termination "Game drawn by stalemate"]

1. e4 e6 2. d4 d5 3. Nd2 Nf6 4. e5 Nfd7 5. Bd3 c5 6. c3 Nc6 7.
Ne2 cxd4 8. cxd4 f6 9. exf6 Nxf6 10. Nf3 Bd6 11. O-O Qc7 12. h3 O-O 13. Be3 Bd7 14. Rc1 Rae8 15. a3 Re7 16. Re1 Qb8 17.
Nc3 a6 18. Na4 Ref7 19. Ng5 Re7 20. Nc5 h6 21. Nxd7 Nxd7 22. Nh7 Rf5 23. Bxf5 exf5 24. Qh5 Kxh7 25. Qxf5+ Kg8 26. Qxd5+ Kh8 27. Bd2 Nf6 28. Qf5 Nxd4 29. Qd3 Rxe1+ 30. Rxe1 Nc6 31. Qf5 Bh2+ 32. Kh1 Be5 33. Bc3 Bxc3 34. bxc3 Qd8 35. Qg6 Qd6 36. Qf7 b5 37. h4 Qf4 38. h5 Qh4+ 39. Kg1 Qxh5 40.
Re8+ Kh7 41. Qxh5 Nxh5 42. Ra8 a5 43. Ra6 b4 44. axb4 axb4 45. Rxc6 bxc3 46. Rxc3 Nf6 47. f3 Kg6 48. Kf2 h5 49. Kg3 Kf5 50. Ra3 g5 51. Ra5+ Kg6 52. Ra6 Kf5 53. Kf2 Kg6 54. g3 Kg7 55.
Kg2 Kg6 56. f4 gxf4 57. gxf4 Kf5 58. Kf3 Kg6 59. Ra5 Kf7 60. Rg5 Ke6 61. Kg3 Ne4+ 62. Kh4 Nxg5 63. Kxg5 h4 64. Kxh4 Kf5 65. Kg3 Kf6 66.
Kg4 Kg6 67. f5+ Kf6 68. Kf4 Kf7 69. Ke4 Kf6 70. Kf4 Kf7 71. Kg5 Kg7 72. f6+ Kf7 73. Kf5 Kf8 74. Ke6 Ke8 75. f7+ Kf8 76. Kf6 1/2-1/2

[Event "*** Titled Tuesday Blitz"]
[Site "Chess.com"]
[Date "2020.12.01"]
[Round "3"]
[White "ApoIogiA"]
[Black "arjwezhrtdrz"]
[Result "1/2-1/2"]
[WhiteElo "2137"]
[BlackElo "2317"]
[TimeControl "180+1"]
[EndTime "10:29:30 PST"]
[Termination "Game drawn by agreement"]

1. d4 d6 2. c4 e5 3. Nf3 Nd7 4. dxe5 dxe5 5. Nc3 c6 6. g3 Ngf6 7. Bg2 Be7 8. O-O O-O 9. a3 a5 10. Rb1 Qc7 11. b4 axb4 12. axb4 Re8 13. Qb3 Nf8 14. Nd2 Ne6 15. e3 Nf8 16. Nde4 Ng6 17. b5 Nxe4 18.
Bxe4 Be6 19. Rd1 Reb8 20. b6 Qc8 21. Na4 Ra6 22. Bb2 Rba8 23. Ra1 f6 24. h4 Nf8 25. Bc3 Nd7 26. Bb4 Nc5 27. Bxc5 Bxc5 28. Rd2 Bxb6 29. Qc2 h6 30. Rdd1 Qf8 31. Qc3 Bc5 32.
Nxc5 Qxc5 33. Rab1 b6 34. Qb4 Qxb4 35. Rxb4 c5 36.
Bxa8 cxb4 37. Bd5 Bxd5 38. Rxd5 Ra1+ 39. Kg2 Rc1 40. Rd6 Rxc4 41. Rxb6 h5 42. Rb7 Kh7 43.
Kf3 Kg6 44. Ke2 e4 45. Kd2 Kf5 46. Ke1 g5 47. Kf1 Kg4 48. hxg5 fxg5 49. Kg2 h4 50. gxh4 Kxh4 51. Rh7+ Kg4 52. Rb7 Kf5 53. Rf7+ Ke5 54. Rg7 Kf6 55. Rb7 Ke6 56. Rb5 Kf6 57. Kg3 Kg6 58. Kg4 Rc2 59. Rb6+ Kf7 60. Rxb4 Rxf2 61. Rxe4 Kf6 62. Rd4 Rf1 63. Kg3 Rg1+ 64. Kf2 1/2-1/2

[Event "*** Titled Tuesday Blitz"]
[Site "Chess.com"]
[Date "2020.12.01"]
[Round "3"]
[White "ChronicUnhappiness"]
[Black "bazar-wokzal"]
[Result "1-0"]
[WhiteElo "2351"]
[BlackElo "2530"]
[TimeControl "180+1"]
[EndTime "10:29:31 PST"]
[Termination "ChronicUnhappiness won on time"]

1. c4 f5 2. d4 Nf6 3. Nf3 g6 4. g3 Bg7 5. Bg2 O-O 6. O-O d6 7. b3 Qe8 8. Bb2 Nc6 9. d5 Nd8 10. Nd4 c6 11. dxc6 bxc6 12. Nc3 e5 13. Ndb5 cxb5 14. Bxa8 bxc4 15. bxc4 f4 16. Nb5 Nf7 17. Nxd6 Nxd6 18. Qxd6 Bh3 19. Bg2 Bxg2 20. Kxg2 Qa8+ 21.
Kg1 fxg3 22. hxg3 Re8 23. Rad1 Qe4 24. Qd3 Qg4 25. c5 Qh3 26. Qf3 Qc8 27. Rc1 Kh8 28. c6 Qc7 29. Rfd1 h6 30. Qd3 Kh7 31. Qd6 Qb6 32. Bxe5 Ne4 33. Qd4 Bxe5 34. Qxb6 axb6 35. Rd5 Nc5 36. a4 Na6 37. c7 Bxc7 38. Rd7+ Kg8 39. Rcxc7 Nxc7 40. Rxc7 Rxe2 41. Rc6 Ra2 42. Rxg6+ Kh7 43.
Rxb6 Rxa4 44. Kg2 Kg7 45. Rb3 Rc4 46. Rf3 Kg6 47. Rf4 Rc6 48. Kf3 Rb6 49. Kg4 Ra6 50. Rd4 Rb6 51. f4 Rc6 52. Re4 Rb6 53. Re5 Rf6 54. f5+ Kf7 55. Kf4 Ra6 56. g4 Kf6 57.
Re4 Rb6 58. Kg3 Kg5 59. Re3 Rc6 60. Rf3 h5 61. gxh5 Kxh5 62. Kf4 Kh6 63. Rg3 1-0

[Event "*** Titled Tuesday Blitz"]
[Site "Chess.com"]
[Date "2020.12.01"]
[Round "3"]
[White "niki_2003"]
[Black "ybruned"]
[Result "0-1"]
[WhiteElo "2002"]
[BlackElo "2298"]
[TimeControl "180+1"]
[EndTime "10:29:31 PST"]
[Termination "ybruned won on time"]

1. d4 Nf6 2. c4 e6 3. Nf3 b6 4. g3 Ba6 5. b3 Bb4+ 6. Bd2 Be7 7. Bg2 c6 8. Nc3 d5 9. cxd5 cxd5 10.
O-O O-O 11. Re1 Nbd7 12. Bg5 h6 13. Bxf6 Nxf6 14. e4 dxe4 15. Ne5 Bb7 16. Nxe4 Nxe4 17. Bxe4 Bxe4 18. Rxe4 Rc8 19. Qf3 Qd5 20. Qd3 Bf6 21. Ng4 Qf5 22. Ne3 Qa5 23. Nc4 Qd5 24. Rd1 g6 25. Rg4 Bg7 26. a4 Rcd8 27. Ne3 Qc6 28. Nc4 a6 29. Qe3 Rd5 30. Qf3 b5 31. Ne3 Rd6 32. d5 exd5 33. Nxd5 Qd7 34. axb5 axb5 35. Ne3 Rxd1+ 36. Qxd1 Qxd1+ 37. Nxd1 Rc8 38. Kf1 Bf8 39. Ke2 Rc2+ 40. Kd3 Rc1 41. Kd2 Ra1 42. Rd4 Ra2+ 43. Kd3 b4 44. Rd5 Ra3 45. Kc2 Ra2+ 46. Kd3 Ra8 47.
Kc4 Rc8+ 48. Kd3 h5 49. Ne3 Rc3+ 50. Kd2 Rxb3 51. Rb5 Rb2+ 52. Ke1 b3 53. Nc4 Rb1+ 54. Kd2 Rf1 55. Rxb3 Rxf2+ 56. Ke3 Rxh2 57. Kf3 Rh1 58. Ne5 Rf1+ 59. Kg2 Re1 0-1

[Event "*** Titled Tuesday Blitz"]
[Site "Chess.com"]
[Date "2020.12.01"]
[Round "3"]
[White "dropstoneDP"]
[Black "Vanina1989"]
[Result "1-0"]
[WhiteElo "2916"]
[BlackElo "2634"]
[TimeControl "180+1"]
[EndTime "10:29:34 PST"]
[Termination "dropstoneDP won by resignation"]

1. d4 d5 2. Nf3 Nf6 3. Bf4 c5 4. e3 Nc6 5. c3 cxd4 6. exd4 g6 7. Be2 Bg7 8. O-O O-O 9. h3 Bf5 10. Re1 Ne4 11. Na3 a6 12. Nc2 Qb6 13. Qc1 Rac8 14.
Bf1 e5 15. Be3 Qc7 16. dxe5 Nxe5 17. Nxe5 Bxe5 18. Nd4 Bd7 19. Nf3 Bd6 20. Qd1 Bc6 21.
Nd4 Bd7 22. Qf3 f5 23. Rad1 Rcd8 24. Bh6 Rf7 25. Nc2 Ba4 26. b3 Bc6 27. Nd4 Bd7 28.
Ne2 g5 29. Rxd5 Be6 30. Rdd1 Rf6 31. Nd4 g4 32. Nxe6 Bh2+ 33. Kh1 Rxd1 34. Nxc7 gxf3 35. Bc4+ Kh8 36. Rxd1 Bxc7 37. Be3 fxg2+ 38. Kxg2 Rg6+ 39. Kf1 Be5 40. Rd8+ Kg7 41. Rd7+ Kf8 42. Rxb7 f4 43. Bxf4 Bxf4 44. Rf7+ Ke8 45. Rxf4 Nd2+ 46. Ke2 Nxc4 47. Rxc4 Kd7 48. Rh4 h6 49. Rh5 Kc6 50. c4 Kb6 51. b4 Rc6 52. Kd3 Rf6 53. a4 Rxf2 54. Rxh6+ Kb7 55. Rh7+ Kb6 56. a5+ Kc6 57. Rh6+ Kb7 58. h4 Rf4 59. h5 Rh4 60. Rh7+ Kc6 61. Ra7 Rh3+ 62. Kc2 Rxh5 63. Rxa6+ Kb7 64. Rb6+ Ka7 65. Kb3 Rh1 66. Ka4 Rh5 67. c5 1-0

[Event "*** Titled Tuesday Blitz"]
[Site "Chess.com"]
[Date "2020.12.01"]
[Round "3"]
[White "marabu44"]
[Black "SlavenPastar"]
[Result "0-1"]
[WhiteElo "2274"]
[BlackElo "2509"]
[TimeControl "180+1"]
[EndTime "10:29:35 PST"]
[Termination "SlavenPastar won by checkmate"]

1. Nf3 b6 2. g3 Bb7 3. Bg2 Nf6 4. O-O e6 5. c4 Be7 6. Nc3 O-O 7. d3 d6 8. e4 Nbd7 9. Re1 Re8 10. d4 e5 11.
d5 a5 12. b3 Nc5 13. Qc2 Bc8 14. Bd2 Bg4 15. h3 Bh5 16. Nh4 Nfd7 17. Nf5 Bg5 18. Bxg5 Qxg5 19. h4 Qd8 20. a3 Na6 21. Nb5 Bg6 22.
Ne3 Ndc5 23. Bf3 h6 24. Kg2 a4 25. b4 Nb3 26. Rad1 Nb8 27. Nc3 Nd4 28. Qb2 Nd7 29. Bg4 Nf6 30. Bf5 Bh5 31. g4 Nxf5 32. gxh5 Nxh4+ 33. Kf1 Nxh5 34. Qe2 Qg5 35. Qg4 Qxg4 36. Nxg4 Nf3 37.
Re3 Nd4 38. Ne2 Nxe2 39. Kxe2 Nf4+ 40. Kf3 h5 41. Nh2 g5 42. Nf1 g4+ 43. Kg3 Kg7 44.
f3 gxf3 45. Kxf3 h4 46. Rd2 Kf6 47. Rh2 Rh8 48. Re1 Rag8 49. Rd1 Rg1 50. Ne3 Rg3+ 51. Kf2 Nh3+ 52. Rxh3 Rxh3 53. Nf5 Rxa3 54. Rg1 Ra2+ 55.
Kf3 Ra3+ 56. Kf2 Ra2+ 57. Kf3 h3 58. Rh1 h2 59. Ng3 Rh3 60. Kg4 Rh8 61. Nh5+ Kg6 62.
Ng3 Ra3 63. Nf5 Rhh3 64. Nh4+ Kf6 65. Nf5 Raf3 66. c5 bxc5 67. bxc5 dxc5 68. d6 cxd6 69. Nxd6 Rhg3+ 70. Kh4 Rh3+ 71. Kg4 Rfg3# 0-1

[Event "*** Titled Tuesday Blitz"]
[Site "Chess.com"]
[Date "2020.12.01"]
[Round "3"]
[White "MoreChessJulia"]
[Black "c_r_e_e_p_e_r"]
[Result "0-1"]
[WhiteElo "2094"]
[BlackElo "2314"]
[TimeControl "180+1"]
[EndTime "10:29:35 PST"]
[Termination "c_r_e_e_p_e_r won on time"]

1. d4 d5 2. c4 c6 3. Nf3 Nf6 4. e3 e6 5. Nc3 Bd6 6. Bd3 dxc4 7.
Bxc4 b5 8. Bd3 Nbd7 9. a3 Bb7 10. e4 e5 11. d5 a6 12. dxc6 Bxc6 13. O-O Nc5 14. Bc2 O-O 15. Qe2 Qc7 16. Bg5 Be7 17. Nh4 Ne6 18. Be3 Nxe4 19. Nxe4 Bxh4 20. Rac1 Qb7 21. f3 Be7 22. Bb3 Bd5 23. Bxd5 Qxd5 24. Rfd1 Qb7 25. Nd6 Bxd6 26. Rxd6 Qe7 27. Rd5 f6 28. b4 Rfd8 29. Rcd1 Rxd5 30. Rxd5 Rd8 31. Qa2 Kf7 32. Bc5 Qc7 33. Rxd8 Qxd8 34. Qc2 Qd5 35. Be3 g6 36. Qc8 f5 37. h3 f4 38. Bf2 e4 39. Qxa6 e3 40. Bh4 g5 41. Be1 Qd1 42.
Qa7+ Kf6 43. Kf1 Nd4 44. Qb6+ Kf5 45. Qc5+ Kg6 46. Qd6+ Kh5 47. Qd7 e2+ 48. Kf2 Nxf3 49. Qg4+ Kg6 50. Qxf3 Qd4+ 51. Kxe2 Qe5+ 52. Kf1 Qd4 53.
Bf2 Qc4+ 54. Kg1 Qc1+ 55. Kh2 Qc4 56. Qd1 h5 57. Qd6+ Kf5 58. Qc5+ Ke4 59. Qxc4+ bxc4 60. Be1 g4 61. b5 f3 62. gxf3+ gxf3 63. b6 Ke3 0-1

[Event "*** Titled Tuesday Blitz"]
[Site "Chess.com"]
[Date "2020.12.01"]
[Round "3"]
[White "Shield12"]
[Black "chessdjw"]
[Result "1-0"]
[WhiteElo "2933"]
[BlackElo "2645"]
[TimeControl "180+1"]
[EndTime "10:29:36 PST"]
[Termination "Shield12 won on time"]

1. e4 c5 2. Nf3 d6 3. d4 cxd4 4. Nxd4 Nf6 5. Nc3 a6 6. Bg5 e6 7. f4 Qb6 8. Qd3 Qxb2 9. Rb1 Qa3 10. f5 Qa5 11. Bd2 Qc7 12. fxe6 Bxe6 13. Nxe6 fxe6 14. Qc4 Qd7 15. Qb3 Nc6 16. Qxb7 Qxb7 17. Rxb7 Ne5 18. Rb6 Be7 19. Rxa6 O-O 20. Rxa8 Rxa8 21. a4 Bd8 22. Bb5 Ba5 23. Ke2 Rc8 24. Nb1 Rxc2 25. Rc1 Rb2 26. Kd1 Nxe4 27. Rc8+ Kf7 28. Bxa5 Nf2+ 29. Kc1 Nfd3+ 30. Bxd3 Nxd3+ 31. Kd1 Nf2+ 32. Ke1 Nd3+ 33. Kd1 Rxb1+ 34. Ke2 Nc5 35. Rc7+ Kf6 36. Bc3+ e5 37.
a5 Rb3 38. Kd2 Ra3 39. Bb4 Ne4+ 40. Kc2 Ra4 41. Kb3 Ra1 42. Ba3 Nc5+ 43. Kb2 Rd1 44. Bxc5 dxc5 45. a6 Rd6 46. a7 Rd8 47. Rxc5 Ra8 48.
Ra5 Kf5 49. Kc3 Ke4 50. Kd2 g5 51. Ke2 h5 52. h3 Kf4 53. Kf2 h4 54. Ra4+ e4 55.
Ra3 e3+ 56. Kf1 Kg3 57. Rxe3+ Kh2 58. Ra3 Rf8+ 59. Ke2 Ra8 60. Kf3 Rf8+ 61. Kg4 Ra8 62. Ra2 Kg1 63. Kxg5 Kh2 64. Kxh4 Kg1 65. g4 Kh1 66.
Kg3 1-0

[Event "*** Titled Tuesday Blitz"]
[Site "Chess.com"]
[Date "2020.12.01"]
[Round "3"]
[White "AlexTriapishko"]
[Black "chess94cu"]
[Result "0-1"]
[WhiteElo "2795"]
[BlackElo "2567"]
[TimeControl "180+1"]
[EndTime "10:29:36 PST"]
[Termination "chess94cu won on time"]

1. d4 Nf6 2. Bg5 c5 3. d5 Ne4 4. Bf4 d6 5. f3 Nf6 6. e4 Qb6 7. Bc1 g6 8. c4 Bg7 9. Nc3 O-O 10.
Nge2 e6 11. Nf4 e5 12. Nd3 Nbd7 13. a4 Qd8 14. Be2 Ne8 15. O-O f5 16. exf5 gxf5 17.
f4 e4 18. Nf2 Nef6 19. Ra3 Kh8 20. Kh1 Rg8 21. Nb5 Qe7 22. Nc7 Rb8 23. Ne6 Bh6 24. Rh3 Rg6 25. b3 Nf8 26. Nxf8 Bxf8 27. Bb2 Bg7 28. Rg1 Bd7 29. Ba1 Re8 30. Bh5 Nxh5 31. Qxh5 Bxa1 32. Rxa1 Reg8 33. Rg1 Qg7 34. Nd1 Be8 35. Ne3 Rf6 36. Qh4 Bg6 37. g4 fxg4 38.
Rxg4 Qf7 39. Rhg3 Rf8 40. Qg5 Rxf4 41. Rxf4 Qxf4 42. Qxf4 Rxf4 43. Kg1 Kg7 44. Rg4 Rxg4+ 45. Nxg4 h5 46. Ne3 Kf6 47. Kf2 Ke5 48. Ke2 Kd4 49. Kd2 Ke5 50. Ke2 Kf4 51. Kf2 b6 52. Ng2+ Ke5 53. Ke3 a6 54. Nf4 Bf7 55. Ne2 b5 56. axb5 axb5 57. Nf4 b4 58. h4 Be8 59. Nh3 Ba4 60. bxa4 b3 61. Kd2 e3+ 62. Kc3 e2 63. Ng1 e1=Q+ 0-1

[Event "*** Titled Tuesday Blitz"]
[Site "Chess.com"]
[Date "2020.12.01"]
[Round "3"]
[White "Gogolev_Artemy"]
[Black "Jabberwockiez"]
[Result "1-0"]
[WhiteElo "2421"]
[BlackElo "2227"]
[TimeControl "180+1"]
[EndTime "10:29:37 PST"]
[Termination "Gogolev_Artemy won by checkmate"]

1. Nf3 d5 2. c4 dxc4 3. Qa4+ c6 4. Qxc4 b5 5. Qc2 Bb7 6. g3 e6 7. Bg2 Nf6 8. O-O Be7 9. a4 a6 10. d3 O-O 11. Nc3 Nbd7 12. Rd1 Nb6 13. Bg5 h6 14. Bxf6 Bxf6 15. a5 Nd5 16. Ne4 Be7 17. d4 Rc8 18. Nc5 Bxc5 19. Qxc5 Qf6 20. Rac1 Qf5 21. Ne5 Ne7 22.
Qxe7 Ba8 23. Qc5 Rfd8 24. e3 f6 25. Nd3 e5 26. Nb4 Bb7 27. Qb6 Rd7 28. Nxc6 Bxc6 29.
Bxc6 Rd6 30. dxe5 Rxd1+ 31. Rxd1 Qc2 32. Rd8+ Rxd8 33. Qxd8+ Kh7 34. Qd5 Qc1+ 35. Kg2 fxe5 36. Qe4+ Kh8 37. Be8 Qxb2 38. Bg6 Qb3 39. Qa8+ Qg8 40.
Qxg8+ Kxg8 41. Kf3 Kf8 42. Ke4 Ke7 43. Kxe5 Kd7 44. Kd5 Kc7 45. Kc5 Kb7 46. Bd3 Ka7 47.
e4 Kb7 48. e5 Kc7 49. f4 Kb7 50. f5 Kc7 51. f6 gxf6 52. exf6 Kd7 53. g4 Ke6 54.
Bxb5 axb5 55. a6 Kxf6 56. a7 b4 57. a8=Q b3 58. Qe4 b2 59. Qf5+ Kg7 60. Kd6 b1=Q 61. Qxb1 h5 62. Qf5 hxg4 63. Ke7 g3 64. Qg4+ Kh8 65. hxg3 Kh7 66. Kf7 Kh6 67. Qh4# 1-0